 Dungeon Crawl Stone Soup version 0.31-a0-217-g58bb5d79cf (webtiles) character file.

Game seed: 4697000089901727611

1077 benadryl the Magician (level 8, -5/59 HPs)
             Began as a Djinni Hedge Wizard on July 2, 2023.
             Slain by a yak (13 damage)
             ... on level 5 of the Dungeon.
             The game lasted 00:07:31 (5539 turns).

benadryl the Magician (Djinni Hedge Wizard)         Turns: 5539, Time: 00:07:32

Health: -5/59      AC:  6    Str: 15    XL:     8   Next: 54%
Gold:   200        EV: 12    Int: 23    God:
                   SH:  0    Dex: 13

rFire   + + .        m - +3 whip (freeze)
rCold   x . .        (no shield)
rNeg    + . .        k - +0 robe "Vutiak" {*Corrode Int+5}
rPois   ∞            c - +0 hat
rElec   .            g - +1 cloak {Stlth+}
rCorr   .            j - +1 pair of gloves
SInv    .            (boots unavailable)
Will    .....        (no amulet)
Stlth   +++          f - ring of positive energy
HPRegen 0.29/turn    l - +6 ring of strength
MPRegen 0.00/turn

%: corrode self (3%), infuse magic (-6 HP)
@: flying
A: sickness immunity, fire resistance 2, cold vulnerability 1, float, innate
caster, HP casting, extra vitality 1
a: no special abilities


You were on level 5 of the Dungeon.
You visited 1 branch of the dungeon, and saw 5 of its levels.

You collected 348 gold pieces.
You spent 148 gold pieces at shops.

Inventory:

Hand Weapons
 a - a +0 dagger
 m - a +3 whip of freezing (weapon)
Armour
 b - a +0 robe
 c - a +0 hat (worn)
 g - a +1 cloak of stealth (worn)
 j - a +1 pair of gloves (worn)
 k - the +0 robe "Vutiak" (worn) {*Corrode Int+5}
   (You bought it in a shop on level 4 of the Dungeon)

   Int:       It affects your intelligence (+5).
   *Corrode:  It may corrode you when you take damage.
Jewellery
 f - a ring of positive energy (left hand)
 l - a +6 ring of strength (right hand)
Wands
 e - a wand of roots (9)
Scrolls
 h - a scroll of enchant armour {unknown}
 n - a scroll of teleportation
 o - a scroll of identify {@r1}
Potions
 d - a potion of ambrosia
 i - 2 potions of mutation {unknown}
 p - 2 potions of curing {unknown}
 q - a potion of berserk rage {unknown}


   Skills:
 - Level 5.0 Fighting
 - Level 2.1 Dodging
 - Level 1.5 Stealth
 * Level 6.6 Spellcasting
 * Level 6.6 Conjurations
 * Level 6.6 Hexes
   Level 0.0 Charms
 * Level 6.6 Summonings
 * Level 6.6 Necromancy
 * Level 6.6 Translocations
 * Level 6.6 Transmutations
 * Level 6.6 Fire Magic
 * Level 6.6 Ice Magic
 * Level 6.6 Air Magic
 * Level 6.6 Earth Magic
 * Level 6.6 Poison Magic


You knew the following spells:

 Your Spells              Type           Power      Damage    Failure   Level
a - Magic Dart            Conj           100%       1d8       1%          1
b - Slow                  Hex            100%       N/A       1%          1
c - Blink                 Tloc           76%        N/A       1%          2
d - Call Imp              Summ           76%        N/A       1%          2
e - Mephitic Cloud        Conj/Pois/Air  38%        N/A       1%          3
f - Apportation           Tloc           76%        N/A       1%          1
g - Momentum Strike       Conj/Tloc      76%        3d10      1%          2
h - Confusing Touch       Hex            38%        N/A       1%          3
Your spell library was empty.

Dungeon Overview and Level Annotations

Branches:
Dungeon (5/15)
 Temple: D:4-7

Altars:
Elyvilon

Shops:
D:4 *

Annotations:
D:3 3 runed translucent doors, Tollund's ghost, amateur GnWn


Innate Abilities, Weirdness & Mutations

You are immune to sickness and miasma.
You are immune to poison.
Your flesh is very heat resistant. (rF++)
You are vulnerable to cold. (rC-)
You float through the air rather than walking.
You learn spells naturally, not from books.
Your magical power is your life essence.
You have superior vitality. (+4 MHP)


Message History

Casting: Mephitic Cloud (safe; 1% risk of failure)
Confirm with . or Enter, or press ? or * to list all spells.
Aiming: Mephitic Cloud (safe; 1% risk of failure)
Press: ? - help, Shift-Dir - straight line, f/p - yak
Aim: a yak (moderately wounded, confused, chance to affect: 67%)
The ball explodes into a vile cloud!
The stinking cloud engulfs the yak but does no damage.
The yak is moderately wounded.
The yak is engulfed in noxious fumes.
The yak appears confused.
The yak is engulfed in noxious fumes.
The yak appears confused.
The yak gores you!
You hit the yak. You freeze the yak.
The yak is moderately wounded.
The yak is engulfed in noxious fumes.
The yak appears confused.
The yak barely misses you.
You whack the yak! You freeze the yak.
The yak is heavily wounded.
The yak is engulfed in noxious fumes.
The yak appears confused.
The yak gores you!
* * * LOW HITPOINT WARNING * * *
Casting: Mephitic Cloud (safe; 1% risk of failure)
Confirm with . or Enter, or press ? or * to list all spells.
A tiny devil pulls itself out of the air.
* * * LOW HITPOINT WARNING * * *
The yak gores you.
* * * LOW HITPOINT WARNING * * *
The yak misses your cerulean imp.
Your cerulean imp hits the yak with a -1 spear.
Aiming: Magic Dart (safe; 1% risk of failure)
Press: ? - help, Q - select action, (/) - cycle Shift-Dir - straight line, f/p - yak
Aim: a yak (severely wounded, confused, ally target, 100% to hit)
The magic dart hits the yak.
The yak is severely wounded.
* * * LOW HITPOINT WARNING * * *
Your cerulean imp hits the yak from afar with a -1 spear.
Okay, then.
You hit the yak but do no damage.
The yak is almost dead.
The yak gores you!
You die...

#.####. #...... #####....
...#... ########.#.# ######
...........# #.....
#########@#.#############.
.......<.Y................
#########.#.#.#############.
#)...Y..÷.#5#... #.....
#.#########.#.### #..... ...
#.#.. #..... #... #.#.. ..
#..... #... #.#......
##..... #...
......#...##......


You could see a yak (confused, ally target) and a friendly cerulean imp
(summoned).

Vanquished Creatures
  2 yaks
  A black bear (D:5)
  2 ogres (D:5)
  A bullfrog (D:4)
  2 scorpions
  A jelly (D:5)
  A gnoll bouda (D:5)
  2 sleepcaps (D:5)
  2 orc wizards (D:3)
  3 gnolls (D:5)
  3 adders
  A shadow imp (D:5)
  A white imp (D:5)
  2 worms
  3 dart slugs
  9 orcs
  9 ball pythons
  6 bats
  2 endoplasms
  2 giant cockroaches (D:1)
  7 goblins
  7 hobgoblins
  3 quokkas
  A frilled lizard (D:1)
  4 kobolds
  A rat (D:2)
78 creatures vanquished.

Vanquished Creatures (collateral kills)
  An orc wizard (D:5)
  2 orcs
  A frilled lizard (D:1)
4 creatures vanquished.

Grand Total: 82 creatures vanquished

Notes
Turn   | Place    | Note
-------+----------+-------------------------------------------
     0 | D:1      | benadryl the Djinni Hedge Wizard began the quest for the
                  | Orb.
     0 | D:1      | benadryl set off with the following spells memorised: Magic
                  | Dart, Slow, Blink, Call Imp, Mephitic Cloud.
     0 | D:1      | Reached XP level 1. HP: 15/15 MP: 0/0
   138 | D:1      | Reached skill level 1 in Fighting
   138 | D:1      | Reached XP level 2. HP: 21/22 MP: 0/0
   607 | D:1      | Reached XP level 3. HP: 26/28 MP: 0/0
   607 | D:1      | Learned a level 1 spell: Apportation
  2012 | D:3      | Reached XP level 4. HP: 13/34 MP: 0/0
  2198 | D:3      | Found a faded altar of an unknown god.
  2201 | D:3      | Found a white marble altar of Elyvilon.
  2537 | D:3      | Reached XP level 5. HP: 40/40 MP: 0/0
  2537 | D:3      | Learned a level 2 spell: Momentum Strike
  2787 | D:3      | Found a runed translucent gate.
  2788 | D:3      | Found a runed translucent gate.
  2788 | D:3      | Found a runed translucent gate.
  2789 | D:3      | Noticed Tollund's ghost (amateur GnWn)
  3494 | D:4      | Reached XP level 6. HP: 30/47 MP: 0/0
  3623 | D:4      | Found Bumuukhla's Assorted Antiques.
  3627 | D:4      | Bought a warped robe for 148 gold pieces
  3627 | D:4      | Identified the +0 robe "Vutiak" {*Corrode Int+5} (You
                  | bought it in a shop on level 4 of the Dungeon)
  4228 | D:5      | Entered Level 5 of the Dungeon
  4308 | D:5      | Reached XP level 7. HP: 25/53 MP: 0/0
  4308 | D:5      | Learned a level 3 spell: Confusing Touch
  4635 | D:5      | Reached skill level 5 in Fighting
  4745 | D:5      | Reached skill level 5 in Spellcasting
  4745 | D:5      | Reached skill level 5 in Conjurations
  4745 | D:5      | Reached skill level 5 in Hexes
  4745 | D:5      | Reached skill level 5 in Summonings
  4745 | D:5      | Reached skill level 5 in Necromancy
  4745 | D:5      | Reached skill level 5 in Translocations
  4745 | D:5      | Reached skill level 5 in Transmutations
  4745 | D:5      | Reached skill level 5 in Fire Magic
  4745 | D:5      | Reached skill level 5 in Ice Magic
  4745 | D:5      | Reached skill level 5 in Air Magic
  4745 | D:5      | Reached skill level 5 in Earth Magic
  4745 | D:5      | Reached skill level 5 in Poison Magic
  4953 | D:5      | Reached XP level 8. HP: 54/59 MP: 0/0
  5063 | D:5      | Identified the +1 leather armour of Evolu {Stlth+}
  5150 | D:5      | Noticed a yak
  5150 | D:5      | Noticed a yak
  5164 | D:5      | Noticed a yak
  5175 | D:5      | Killed a yak
  5373 | D:4      | Killed a yak
  5539 | D:5      | Slain by a yak

Illustrated notes

Levels and vault maps discovered:
D:1:      scummos_arrival_gate, layout_loops_ring
D:2:      layout_basic, fountainhead
D:3:      layout_loops_ring, nicolae_overflow_ecumenical_swirl,
          ebering_ghost_rock_garden, kennysheep_generic_room_3
D:4:      layout_basic, serial_shops, shop
D:5:      layout_basic, minivault_19, nicolae_nh_oracle_at_delphi

Skill      XL: |  1  2  3  4  5  6  7  8 |
---------------+-------------------------+-----
Fighting       | 1 2 3 4 5 |  5.0
Spellcasting   | 3 4 5 6 |  6.6
Conjurations   | 3 4 5 6 |  6.6
Hexes          | 3 4 5 6 |  6.6
Summonings     | 3 4 5 6 |  6.6
Necromancy     | 3 4 5 6 |  6.6
Translocations | 3 4 5 6 |  6.6
Transmutations | 3 4 5 6 |  6.6
Fire Magic     | 3 4 5 6 |  6.6
Ice Magic      | 3 4 5 6 |  6.6
Air Magic      | 3 4 5 6 |  6.6
Earth Magic    | 3 4 5 6 |  6.6
Poison Magic   | 3 4 5 6 |  6.6
Dodging        | |  2.1
Stealth        | |  1.5

Action                     |  1- 3 |  4- 6 |  7- 9 || total
---------------------------+-------+-------+-------++-------
  Melee: Dagger            |    16 |     6 |       ||    22
         Whip              |       |    90 |    39 ||   129
         Punch             |       |     3 |       ||     3
   Cast: Magic Dart        |    88 |    24 |    56 ||   168
         Call Imp          |     5 |     4 |     4 ||    13
         Momentum Strike   |       |     3 |       ||     3
         Mephitic Cloud    |       |       |    12 ||    12
         Slow              |       |       |     1 ||     1
    Use: Scroll            |     3 |     6 |       ||     9
         Potion            |       |     1 |     1 ||     2
   Stab: Sleeping          |     1 |     3 |       ||     4
         Confused          |       |       |     1 ||     1
 Armour: Robe              |     5 |    34 |     8 ||    47
  Dodge: Dodged            |    33 |    52 |    22 ||   107

Table legend: (Time is in decaauts)
 A = Elapsed time spent in this place.
 B = Non-inter-level travel time spent in this place.
 C = Inter-level travel time spent in this place.
 D = Time resting spent in this place.
 E = Time spent auto-exploring this place.
 F = Levels seen in this place.
 G = Mean time per level.
                   A        B        C        D        E       F      G
               +--------+--------+--------+--------+--------+-----+--------+
         Total |   5551 |   5375 |    176 |   1384 |   3265 |   5 | 1110.2 |
       Dungeon |   5551 |   5375 |    176 |   1384 |   3265 |   5 | 1110.2 |
               +--------+--------+--------+--------+--------+-----+--------+

Top non-repeatable levels by time:
     D:3: 1489 daAuts
     D:4: 1131 daAuts
     D:2: 1023 daAuts
     D:5: 978 daAuts
     D:1: 929 daAuts
